 Dungeon Crawl Stone Soup version 0.24.1-14-gf8d2b509d9 (webtiles) character file.

Game seed: 14989351032003313719, levelgen mode: deterministic

1852 TittyCrusher the Fighter (level 8, 54/69 HPs)
             Began as a Mummy Summoner on Nov 27, 2020.
             Was a Plaything of Xom.
             Quit the game on level 6 of the Dungeon on Apr 17, 2022.
             The game lasted 00:22:32 (7187 turns).

TittyCrusher the Fighter (Mummy Summoner)           Turns: 7187, Time: 00:22:32

Health: 54/69      AC:  9    Str: 11    XL:     8   Next: 88%
Magic:  9/13       EV: 10    Int: 16    God:    Xom [*.....]
Gold:   127        SH:  3    Dex: 13    Spells: 13/14 levels left

rFire    . . .     SeeInvis .   a - +1 whip (elec)
rCold    + . .     Gourm    .   (no shield)
rNeg     + + +     Faith    .   c - +2 ring mail {rC+}
rPois    ∞         Spirit   .   (no helmet)
rElec    .         Reflect  +   (no cloak)
rCorr    .         Harm     .   C - +0 pair of gloves
MR       ++...                  z - +0 pair of boots
Stlth    +.........             d - +3 amulet of reflection
HPRegen  0.21/turn              k - ring of fire
MPRegen  0.13/turn              v - ring of protection from magic

@: very slightly contaminated
A: no food or potions, fire vulnerability, cold resistance 1, negative energy
resistance 3, torment resistance, unbreathing
a: Renounce Religion


You were on level 6 of the Dungeon.
You worshipped Xom.
You were a special plaything of Xom.
You were not hungry.

You visited 2 branches of the dungeon, and saw 8 of its levels.

You collected 271 gold pieces.
You spent 144 gold pieces at shops.

Inventory:

Hand Weapons
 a - a +1 whip of electrocution (weapon)
 b - a +0 shortbow
 i - a +0 club
 j - a +0 mace
Missiles
 h - 213 stones (quivered)
 l - 89 arrows
 u - 51 bolts
Armour
 c - a +2 ring mail of cold resistance (worn)
 q - a +0 leather armour of magic resistance
 z - a +0 pair of boots (worn)
 C - a +0 pair of gloves (worn)
Jewellery
 d - a +3 amulet of reflection (around neck)
 k - a ring of fire (left hand)
 v - a ring of protection from magic (right hand)
 y - an uncursed amulet of magic regeneration
Wands
 t - a wand of disintegration (12)
 x - a wand of scattershot (8)
Scrolls
 e - 2 scrolls of remove curse
 f - a scroll of enchant weapon {unknown}
 n - a scroll of amnesia
 o - 2 scrolls of blinking
 r - 2 scrolls of fog
 s - 2 scrolls of teleportation
 w - a scroll of vulnerability
 A - a scroll of noise


   Skills:
 - Level 8.4 Fighting
 + Level 6.1 Maces & Flails
 - Level 1.5 Dodging
 - Level 1.5 Stealth
 - Level 3.7 Spellcasting
 - Level 3.2 Summonings


You had 13 spell levels left.
You knew the following spells:

 Your Spells              Type           Power        Failure   Level  Hunger
a - Summon Small Mammal   Summ           ##..         11%         1    N/A

Your spell library contained the following spells:

 Spells                   Type           Power        Failure   Level  Hunger
 Call Imp                 Summ           ##......     17%         2    N/A
 Call Canine Familiar     Summ           ##......     32%         3    N/A
 Confusing Touch          Hex            #.....       38%         1    N/A
 Summon Guardian Golem    Hex/Summ       #.......     54%         3    N/A
 Confuse                  Hex            #.......     77%         3    N/A
 Gell's Gravitas          Tloc           #.........   77%         3    N/A
 Summon Ice Beast         Ice/Summ       #.......     91%         4    N/A
 Summon Lightning Spire   Summ/Air       #.......     91%         4    N/A
 Petrify                  Tmut/Erth      #.......     99%         4    N/A
 Metabolic Englaciation   Hex/Ice        #.........   100%        5    N/A
 Yara's Violent Unravell  Hex/Tmut       #.........   100%        5    N/A

Dungeon Overview and Level Annotations

Branches:
Dungeon (7/15)             Temple (1/1) D:4

Altars:
Cheibriados
Dithmenos
Elyvilon
Fedhas
Gozag
Hepliaklqana
Kikubaaqudgha
Nemelex Xobeh
Okawaru
Qazlal
Ru
Sif Muna
Trog
Uskayaw
Vehumet
Wu Jian
Xom
Yredelemnul
The Shining One

Shops:
D:5 *   D:6 [

Annotations:
D:3 Sigmund
D:7 Dowan, Duvessa


Innate Abilities, Weirdness & Mutations

You do not eat or drink.
Your flesh is vulnerable to fire.
You are immune to poison.
Your flesh is cold resistant. (rC+)
You are immune to negative energy. (rN+++)
You are immune to unholy pain and torment.
You can survive without breathing.


Message History

Your rat bites the hippogriff but does no damage.
Your rat closely misses the hippogriff.
The hippogriff bites you but does no damage.
The hippogriff pecks you but does no damage.
The hippogriff misses you.
You whack the hippogriff!
You kill the hippogriff!
Your Maces & Flails skill increases to level 6!
No target in view!
Unknown command.
You swap places.
Done exploring.
Done exploring.
Done exploring.
Done exploring.
Saving game... please wait.
Welcome back, TittyCrusher the Mummy Summoner.
Xom titters.
Press ? for a list of commands and other information.
Are you sure you want to abandon this character and quit the game? (Confirm with "yes".)

##.######.#.###...........#
...# #.#.# ###########.#
.### #.#.# #.# .# #.#.# #.#
.# #.#.# #.# .## #.#.# #.#
..#######.#.######### ##.#
.##.................####..#
...............r@.......#.##
..#<#######.###rr##.##.###.#
....# #...# #..##.###.#r##
..### #.### #..##.# ##.##
.## #÷# #..##.# #.# ## #.#
#..##.# #.# #.# #.....# #.#
#.# #..##.# #.# #.#
##..##.####.#


You could see a friendly quokka and 2 friendly rats.

Vanquished Creatures
  A hippogriff (D:6)
  Edmund (D:3)
  A water moccasin (D:5)
  3 ogres
  2 centaurs (D:6)
  Blork the orc (D:4)
  A bullfrog (D:6)
  3 scorpions
  2 howler monkeys
  A crimson imp (D:6)
  An orc priest (D:4)
  A jelly (D:5)
  A hound (D:6)
  3 orc wizards
  A centaur skeleton (D:6)
  A bullfrog skeleton (D:6)
  3 iguanas
  Jessica (D:3)
  Ijyb (D:5)
  2 worker ants
  2 hound zombies
  A hound skeleton (D:4)
  4 gnolls
  7 adders
  A shadow imp (D:5)
  An ooze (D:1)
  5 worms
  2 dart slugs (D:4)
  6 leopard geckos
  14 orcs
  7 bats
  4 giant cockroaches
  3 goblins
  8 hobgoblins
  2 jackals (D:2)
  2 kobolds
  2 ball pythons
  5 frilled lizards
  A giant cockroach zombie (D:4)
  A leopard gecko skeleton (D:5)
  3 rats
112 creatures vanquished.

Vanquished Creatures (collateral kills)
  An orc warrior (D:6)
  An adder (D:5)
  A dart slug (D:1)
  A leopard gecko (D:1)
  A kobold (D:2)
  3 rats
8 creatures vanquished.

Grand Total: 120 creatures vanquished

Notes
Turn   | Place    | Note
-------+----------+-------------------------------------------
     0 | D:1      | TittyCrusher the Mummy Summoner began the quest for the
                  | Orb.
     0 | D:1      | Reached XP level 1. HP: 13/13 MP: 4/4
   496 | D:1      | Reached XP level 2. HP: 19/19 MP: 1/6
  1223 | D:2      | Found a sacrificial altar of Ru.
  1271 | D:2      | Reached skill level 1 in Maces & Flails
  1286 | D:2      | Reached XP level 3. HP: 19/24 MP: 8/8
  1672 | D:2      | Reached XP level 4. HP: 30/30 MP: 7/9
  2112 | D:3      | Noticed Jessica
  2120 | D:3      | Killed Jessica
  2289 | D:3      | Found a stormy altar of Qazlal.
  2328 | D:3      | Noticed Sigmund
  2444 | D:3      | Found a blossoming altar of Fedhas.
  2503 | D:2      | Reached XP level 5. HP: 31/35 MP: 10/10
  2837 | D:3      | Noticed an ice beast
  3734 | D:4      | Noticed Edmund
  4016 | D:3      | Killed Edmund
  4016 | D:3      | Reached XP level 6. HP: 24/41 MP: 8/11
  4193 | D:4      | Reached skill level 1 in Fighting
  4597 | D:4      | Reached skill level 2 in Fighting
  4706 | D:3      | Reached skill level 3 in Fighting
  4850 | D:4      | Reached XP level 7. HP: 48/52 MP: 12/12
  4948 | D:4      | Reached skill level 4 in Fighting
  5008 | D:4      | Found a staircase to the Ecumenical Temple.
  5128 | D:4      | Noticed Blork the orc
  5136 | D:4      | Killed Blork the orc
  5136 | D:4      | Reached skill level 5 in Fighting
  5175 | Temple   | Entered the Ecumenical Temple
  5240 | Temple   | Became a worshipper of Xom of Chaos
  5279 | D:5      | Entered Level 5 of the Dungeon
  5279 | D:5      | Noticed Ijyb
  5290 | D:5      | Killed Ijyb
  5592 | D:5      | Found Reoppoaj's Serpentskin Sales.
  5602 | D:5      | Reached skill level 6 in Fighting
  5672 | D:5      | XOM: potion effect (might)
  5964 | D:6      | XOM: harmless Chrm miscast
  5983 | D:6      | Reached XP level 8. HP: 36/65 MP: 11/13
  6065 | D:6      | XOM: silly message
  6076 | D:6      | XOM: harmless Tmut miscast
  6141 | D:6      | Reached skill level 7 in Fighting
  6166 | D:6      | XOM: harmless Conj miscast
  6216 | D:6      | Found a hide-covered altar of Uskayaw.
  6293 | D:6      | Found an iron altar of Okawaru.
  6351 | D:6      | Reached skill level 8 in Fighting
  6375 | D:6      | XOM: harmless Tloc miscast
  6386 | D:6      | XOM: divination: detect items
  6407 | D:6      | XOM: confusion (+ monsters)
  6425 | D:6      | Found Lekkily's Antique Armour Boutique.
  6440 | D:6      | Bought a pair of boots for 144 gold pieces
  6651 | D:7      | Noticed Dowan
  6687 | D:7      | Noticed Duvessa
  6770 | D:7      | XOM: divination: detect items
  6806 | D:6      | XOM: silly message
  6822 | D:6      | XOM: divination: detect creatures
  6843 | D:6      | Reached skill level 5 in Maces & Flails
  7032 | D:7      | XOM: summons 2 hostile demons
  7033 | D:7      | Noticed a hippogriff
  7035 | D:7      | XOM: scenery: create altars
  7054 | D:7      | XOM: noise
  7077 | D:6      | XOM: enchant monster (bad)
  7106 | D:6      | XOM: noise
  7114 | D:6      | XOM: cleaving
  7133 | D:6      | XOM: swap monsters
  7185 | D:6      | Killed a hippogriff
  7187 | D:6      | Quit the game

Levels and vault maps discovered:
D:1:      saegor_arrival_simple_c, layout_basic, kennysheep_crisscross
D:2:      layout_basic, nicolae_ru_path_of_blood, first_ration
D:3:      layout_loops_ring, lemuel_round_altar, grunt_qazlal_clouds,
          kennysheep_generic_room_6, uniq_sigmund, uniq_jessica
D:4:      layout_rooms, minmay_temple_entry_enclosed_plants, serial_rivers,
          chequers_serial_rivers_room_a, chequers_serial_rivers_small_b,
          chequers_serial_rivers_micro_b, chequers_serial_rivers_room_b,
          serial_bayou_pond_e, uniq_edmund, uniq_blork_the_orc
D:5:      layout_loops_cross, guppyfry_shop_venom, uniq_ijyb
D:6:      layout_loops_ring, lemuel_crystal_altar, serial_shops, shop,
          basic_altar
D:7:      layout_cave_pods, enter_ossuary_5, uniq_duvessa
Temple:   zaba_magenta_temple

Skill      XL: |  1  2  3  4  5  6  7  8 |
---------------+-------------------------+-----
Spellcasting   | 3 |  3.7
Maces & Flails | 1 2 3 4 6 |  6.1
Fighting       | 3 6 8 |  8.4
Dodging        | |  1.5
Stealth        | |  1.5
Summonings     | |  3.2

Action                   |  1- 3 |  4- 6 |  7- 9 || total
-------------------------+-------+-------+-------++-------
Melee: Club              |    25 |       |       ||    25
       Unarmed           |     4 |       |       ||     4
       Whip              |    67 |   185 |   154 ||   406
 Fire: Shortbow          |       |       |     2 ||     2
 Cast: Summon Small Mamm |    22 |    15 |    27 ||    64
  Use: Scroll            |     3 |     8 |     5 ||    16
 Stab: Distracted        |     1 |       |       ||     1
       Sleeping          |       |     5 |     1 ||     6
Armor: Ring mail         |    29 |    34 |    53 ||   116
       Robe              |       |    26 |       ||    26
Dodge: Dodged            |    58 |    92 |    72 ||   222
Block: Other             |     8 |    20 |    14 ||    42
       Reflection        |     1 |       |       ||     1
